 Dungeon Crawl Stone Soup version 0.22-a0-422-g9628fc8 (webtiles) character file.

72 theanonym the Vexing (level 4, -1/33 HPs)
             Began as a Mummy Enchanter on May 19, 2018.
             Slain by an orc
             ... wielding a cursed -2 flail
              (3 damage)
             ... on level 2 of the Dungeon.
             The game lasted 00:03:29 (2532 turns).

theanonym the Vexing (Mummy Enchanter)              Turns: 2532, Time: 00:03:30

Health: -1/33      AC:  1    Str: 12    XL:     4   Next: 6%
Magic:  8/8        EV: 12    Int: 14    God:
Gold:   118        SH:  0    Dex: 12    Spells: 7/8 levels left

rFire    x . .     SeeInvis .   h - +0 mace (curse)
rCold    + . .     Gourm    .   (no shield)
rNeg     + + +     Faith    .   (no armour)
rPois    ∞         Spirit   .   (no helmet)
rElec    .         Reflect  .   (no cloak)
rCorr    .         Harm     .   (no gloves)
MR       .....                  d - +0 pair of boots
Stlth    ++........             (no amulet)
HPRegen  0.11/turn              (no ring)
MPRegen  0.11/turn              (no ring)

@: no status effects
A: no food or potions, fire vulnerability, cold resistance 1, negative energy
resistance 3, torment resistance, unbreathing
a: no special abilities


Innate Abilities, Weirdness & Mutations

You do not eat or drink.
Your flesh is vulnerable to fire.
You are immune to poison.
Your flesh is cold resistant. (rC+)
You are immune to negative energy. (rN+++)
You are immune to unholy pain and torment.
You can survive without breathing.


   Skills:
 + Level 1.9 Fighting
   Level 0.7 Short Blades
 * Level 2.4 Maces & Flails
 - Level 1.5 Dodging
 - Level 2.4 Stealth
 - Level 2.6 Spellcasting
 - Level 2.6 Hexes


You had 7 spell levels left.
You knew the following spells:

 Your Spells              Type           Power        Failure   Level  Hunger
a - Corona                Hex            #......      8%          1    N/A

Your spell library contained the following spells:

 Spells                   Type           Power        Failure   Level  Hunger
 Confuse                  Hex            #.......     22%         3    N/A
 Tukima's Dance           Hex            #.......     22%         3    N/A
 Ensorcelled Hibernation  Hex/Ice        #.....       19%         2    N/A
 Dazzling Spray           Conj/Hex       #.....       36%         3    N/A

Skill      XL: |  1  2  3 |
---------------+----------+-----
Maces & Flails | 1 2 |  2.4
Fighting       | 1 |  1.9
Short Blades   | |  0.7
Dodging        | |  1.5
Stealth        | |  2.4
Spellcasting   | |  2.6
Hexes          | |  2.6

Action                   |  1- 3 |  4- 6 || total
-------------------------+-------+-------++-------
Melee: Dagger            |    38 |       ||    38
       Mace              |    95 |    19 ||   114
 Stab: Sleeping          |     5 |       ||     5
Armor: Robe              |     7 |       ||     7
       Skin              |     9 |       ||     9
Dodge: Dodged            |   111 |    13 ||   124

Inventory:

Hand Weapons
 a - a +0 mace
   (You found it on level 1 of the Dungeon)
 h - a cursed +0 mace (weapon)
   (You found it on level 2 of the Dungeon)
Armour
 b - a +0 robe
 d - a +0 pair of boots (worn)
   (You found it on level 1 of the Dungeon)
 e - a +0 chain mail
   (You found it on level 1 of the Dungeon)
 f - a +0 helmet
   (You found it on level 1 of the Dungeon)
Scrolls
 c - a scroll of magic mapping {unknown}
 g - a scroll of enchant weapon {unknown}
 i - a scroll of identify {unknown}


You were on level 2 of the Dungeon.
You were not hungry.

You visited 1 branch of the dungeon, and saw 3 of its levels.

You collected 118 gold pieces.

Dungeon Overview and Level Annotations

Branches:
Dungeon (3/15)

Altars:
Kikubaaqudgha

##.###..... ##.....♣.≈ #.####..P
#.#...... #..###... #..######
##### #.....### ############...##
#..._.#Z#
#........##.@...#####.....###
#####.######.##..o.........######
..........##.##.....######## #.#
#####.###.##.###...##### #.#
#.##...#.# ##....<.# #.#
#....#...# ######.# ##'##
####...### #.# ##...# # ####.##
###.# ##..... ## ##.##.# ##.#.#
##......


You could see an orc.

Notes
Turn   | Place    | Note
-------+----------+-------------------------------------------
     0 | D:1      | theanonym the Mummy Enchanter began the quest for the Orb.
     0 | D:1      | Reached XP level 1. HP: 13/13 MP: 4/4
    35 | D:1      | HP: 6/13 [kobold/whip (1)]
   432 | D:1      | Reached skill level 1 in Maces & Flails
   434 | D:1      | HP: 6/14 [frilled lizard (2)]
   435 | D:1      | Reached XP level 2. HP: 7/20 MP: 5/5
   800 | D:1      | HP: 10/20 [rat (3)]
   804 | D:1      | Reached skill level 1 in Fighting
  1553 | D:2      | Found an ancient bone altar of Kikubaaqudgha.
  1556 | D:2      | Noticed a human
  1557 | D:2      | Killed a human
  1560 | D:2      | Reached XP level 3. HP: 26/26 MP: 7/7
  1608 | D:2      | HP: 13/26 [ooze (3)]
  1618 | D:2      | HP: 11/26 [ooze (1)]
  2020 | D:2      | Reached skill level 2 in Maces & Flails
  2288 | D:2      | Noticed Jessica
  2297 | D:2      | Killed Jessica
  2297 | D:2      | Reached XP level 4. HP: 32/33 MP: 8/8
  2524 | D:2      | HP: 11/33 [orc/enchanted flail (10)]
  2525 | D:2      | HP: 5/33 [orc/enchanted flail (6)]
  2528 | D:2      | HP: 1/33 [orc/enchanted flail (4)]
  2532 | D:2      | Slain by an orc

Vanquished Creatures
  Jessica (D:2)
  An ooze (D:2)
  A dart slug (D:2)
  4 bats
  4 giant cockroaches
  4 hobgoblins
  7 kobolds
  7 frilled lizards
  5 goblins (D:1)
  8 rats
42 creatures vanquished.

Vanquished Creatures (others)
  A human (D:2)
1 creature vanquished.

Grand Total: 43 creatures vanquished

Table legend:
 A = Turns spent in this place as a percentage of turns spent in the entire game.
 B = Non-inter-level travel turns spent in this place as a percentage of non-inter-level travel turns spent in the entire game.
 C = Inter-level travel turns spent in this place as a percentage of turns spent in this place.
 D = Turns resting spent in this place as a percentage of non-inter-level travel turns spent in this place.
 E = Turns spent auto-exploring this place as a percentage of non-inter-level travel turns spent in this place.
 F = Non-inter-level travel turns spent in this place divided by the number of levels of this place that you've seen.
                   A       B       C       D       E      F
               +-------+-------+-------+-------+-------+----------------------
         Total | 100.0 | 100.0 |   1.3 |  47.0 |  37.5 | 833.0
       Dungeon | 100.0 | 100.0 |   1.3 |  47.0 |  37.5 | 833.0
               +-------+-------+-------+-------+-------+----------------------
